 Dungeon Crawl Stone Soup version 0.18.1-50-g88ac8fd (webtiles) character file.

161332 SirGodfroy the Executioner (level 17, -21/166 HPs)
             Began as a Minotaur Berserker on Nov 11, 2016.
             Was a High Priest of Trog.
             Shot with a bolt by a naga sharpshooter (28 damage)
             ... on level 1 of the Snake Pit.
             The game lasted 02:07:28 (35874 turns).

SirGodfroy the Executioner (Minotaur Berserker)    Turns: 35874, Time: 02:07:29

Health: -21/166    AC: 28    Str: 24    XL:     17   Next: 19%
Magic:  4/4        EV:  9    Int:  4    God:    Trog [*****.]
Gold:   1640       SH:  0    Dex: 22    Spells: 0 memorised, 16 levels left

rFire  + + .     SeeInvis +     K - +7 battleaxe (antimagic)
rCold  + + +     Gourm    .     I - +6 plate armour "Ygoked" {Str+2 Dex+3}
rNeg   + + +     Faith    .     (shield currently unavailable)
rPois  .         Spirit   .     d - +1 hat "Macisouh" {-Tele rC+ rN++ Dex+2}
rElec  +         Dismiss  .     g - +0 cloak of Untruth {rF+ rC+++ MP-9 Slay+3} (curse)
rCorr  .         Reflect  .     (no gloves)
SustAt .         Harm     .     k - +0 pair of boots
MR     +++..     NoTele   +     B - amulet of rage
Stlth  ..........               L - ring of see invisible
                                R - ring of positive energy

@: lethally poisoned (-21 -> -22), very slightly contaminated, regenerating,
hasted, very quick, extremely resistant to hostile enchantments, extremely
unstealthy
A: retaliatory headbutt, horns 2, talons 1, fire resistance 1, sense
surroundings 1, electricity resistance, subdued magic 1
a: Berserk, Trog's Hand, Brothers in Arms, Burn Spellbooks, Renounce Religion,
Evoke Berserk Rage


You were on level 1 of the Snake Pit.
You worshipped Trog.
Trog was extremely pleased with you.
You were very hungry.

You visited 5 branches of the dungeon, and saw 27 of its levels.
You also visited: Ice Cave.

You collected 3008 gold pieces.
You spent 1368 gold pieces at shops.

Inventory:

Hand Weapons
 b - the +2 bardiche of the Bear {chop, +Fly}
   (Trog gifted it to you on level 1 of the Snake Pit)

   It inflicts extra damage upon your enemies.
   It lets you fly.
 K - a +7 antimagic battleaxe (weapon)
 O - a +1 vampiric whip
 V - a +5 battleaxe of chopping
 X - a +2 executioner's axe of protection
Armour
 d - the +1 hat "Macisouh" (worn) {-Tele rC+ rN++ Dex+2}
   (You acquired it in the Ecumenical Temple)

   It affects your dexterity (+2).
   It protects you from cold.
   It greatly protects you from negative energy.
   It prevents most forms of teleportation.
 g - the cursed +0 cloak of Untruth (worn) {rF+ rC+++ MP-9 Slay+3}
   (You found it on level 1 of the Snake Pit)

   It affects your accuracy and damage with ranged weapons and melee attacks
   (+3).
   It protects you from fire.
   It renders you almost immune to cold.
   It affects your magic capacity (-9).
   It has a curse placed upon it.
 k - a +0 pair of boots (worn)
 u - a +1 cloak of poison resistance
 x - a +2 plate armour of cold resistance
 I - the +6 plate armour "Ygoked" (worn) {Str+2 Dex+3}
   (You acquired it on level 13 of the Dungeon)

   It affects your strength (+2).
   It affects your dexterity (+3).
 Y - a +2 shield of cold resistance
Jewellery
 B - an amulet of rage (around neck)
 E - an uncursed ring of protection from fire
 H - an uncursed ring of protection from cold
 L - a ring of see invisible (right hand)
 Q - an uncursed ring of sustain attributes
 R - a ring of positive energy (left hand)
Wands
 e - a wand of disintegration (18/24)
 n - a wand of digging (16/24)
 P - a wand of heal wounds (6/9)
Scrolls
 a - 12 scrolls of remove curse
 m - 16 scrolls of identify
 o - 2 scrolls of enchant armour
 t - 7 scrolls of teleportation
 v - 9 scrolls of enchant weapon
 w - a scroll of recharging
 y - a scroll of fog
 z - 3 scrolls of fear
 S - 3 scrolls of blinking
Potions
 h - a potion of cancellation
 i - 2 potions of resistance
 l - 3 potions of berserk rage
 p - 10 potions of curing
 q - 8 potions of flight
 C - 5 potions of lignification
 D - 3 potions of brilliance
 F - 9 potions of might
 J - 3 potions of magic
 M - 2 potions of haste
 N - a potion of ambrosia
 U - a potion of agility
Comestibles
 c - 13 bread rations
 f - 13 meat rations
 A - 12 fruits
 T - 3 royal jellies


   Skills:
 + Level 18.7 Fighting
 + Level 21.7(21.8) Axes
 - Level 5.1(15.5) Polearms
 + Level 16.9 Armour
 - Level 2.1 Dodging
 * Level 7.7 Evocations


You had 16 spell levels left.
You didn't know any spells.

Dungeon Overview and Level Annotations

Branches:
Dungeon (15/15)            Temple (1/1) D:5            Lair (8/8) D:9
 Shoals (0/4) Lair:3        Snake (1/4) Lair:6        Slime (0/6) Lair:8
    Orc (2/2) D:12            Elf (0/3) Orc:2        Vaults (0/5) D:14
 Depths (0/5) D:15

Altars:
Ashenzari
Cheibriados
Dithmenos
Elyvilon
Fedhas
Gozag
Kikubaaqudgha
Makhleb
Nemelex Xobeh
Okawaru
Pakellas
Qazlal
Ru
Sif Muna
Trog
Vehumet
Xom
Yredelemnul
Zin
The Shining One
Beogh
Jiyva

Shops:
D:4 }*   D:15 %*(%?   Orc:2 =[*[*   Snake:1 *

Annotations:
D:13 3 runed doors


Innate Abilities, Weirdness & Mutations

You reflexively headbutt those who attack you in melee.
You have a pair of horns on your head.
You have sharp toenails.
Your flesh is heat resistant.
You passively map a small area around you.
You are resistant to electric shocks.
Your spells are a little easier to cast, but a little less powerful.


Message History

The naga sharpshooter spits poison at you.
The splash of poison misses you.
Your ogre misses the naga warrior.
You escape the naga warrior's grasp.
You feel the effects of Trog's Hand fading.
You feel sick.
Keep disrobing?
You feel sick.
The shock serpent bites you but does no damage.
Your ogre closely misses the naga warrior.
The naga sharpshooter shoots an arrow.
The arrow hits you.
* * * LOW HITPOINT WARNING * * *
The naga warrior hits your ogre with a long sword!
Your ogre dies!
Your ogre's corpse disappears in a puff of smoke!
The naga sharpshooter gestures wildly while chanting.
The naga sharpshooter magically shoots a bolt.
The bolt hits you!!
* * * LOW HITPOINT WARNING * * *
The naga sharpshooter shoots a bolt.
The bolt hits you!!
You die...

######### ## # ####
#...#...##... ###..##
####............
......####...............
................@ยง)......
................S(N......,
,
................())[.....
.........................
.........................
.........................
....................N....
,
.............##.......NN.
*
..............##....##...


You could see a naga warrior, 3 naga sharpshooters and a shock serpent.

Vanquished Creatures
  Kirke (Lair:8)
  Roxanne (D:14)
  Maud (D:12)
  The ghost of kengeki the Martial Artist, a journeyman MfTm of Sif Muna (Lair:8)
  The ghost of Trampli the Sharpshooter, a journeyman FoFi of Okawaru (Lair:3)
  Snorg (Lair:7)
  3 fire dragons
  A vault guard (D:14)
  Josephine (D:11)
  7 hydras
  Harold (Lair:4)
  A naga warrior (Snake:1)
  4 catoblepae
  4 anacondas (Snake:1)
  3 tengu warriors
  A death knight (D:13)
  20 death yaks
  2 ogre magi (D:15)
  3 naga sharpshooters (Snake:1)
  An unseen horror (shapeshifter) (D:13)
  A giant orange brain (D:13)
  3 wizards (D:14)
  2 naga ritualists (Snake:1)
  An unseen horror (D:11)
  An orange crystal statue (D:13)
  7 hill giants
  4 lindwurms (Lair:2)
  6 orc knights
  A necromancer (D:14)
  3 mana vipers (Snake:1)
  4 griffons
  3 deep elf magi
  6 orc sorcerers
  12 ugly things
  A shining eye (shapeshifter) (D:15)
  5 cyclopes
  4 manticores
  10 elephants
  3 naga magi (Snake:1)
  A black mamba (shapeshifter) (D:15)
  A gargoyle (D:13)
  An ice statue (IceCv)
  11 black mambas
  2 torpor snails (Lair:7)
  2 guardian serpents
  13 spiny frogs
  A rime drake (Lair:8)
  2 efreet
  4 demonic crawlers (D:13)
  11 komodo dragons
  A tengu conjurer (D:13)
  12 polar bears
  6 two-headed ogres
  12 blink frogs
  7 trolls
  Grinder (D:4)
  11 slime creatures
  2 boulder beetles (Lair:8)
  Sigmund (D:3)
  A water elemental (D:15)
  46 yaks
  4 wyverns
  6 hogs (Lair:8)
  4 wraiths (D:11)
  5 basilisks
  A fire elemental (Lair:1)
  16 humans
  6 hungry ghosts
  3 small abominations (D:13)
  A steam dragon (Lair:5)
  8 hippogriffs
  A mottled dragon (D:13)
  13 nagas (Snake:1)
  8 wargs
  A soldier ant (shapeshifter) (D:14)
  12 water moccasins
  11 porcupines
  A giant eyeball (D:13)
  26 orc warriors
  2 necrophages
  2 eyes of draining
  8 ice beasts
  A phantom (D:5)
  A black bear (D:9)
  6 sky beasts
  34 wolves
  20 ogres
  6 centaurs
  13 crocodiles
  26 giant frogs
  3 big kobolds
  A gnoll sergeant (D:9)
  5 scorpions
  11 killer bees
  4 wights (D:7)
  2 howler monkeys (D:4)
  2 electric eels (Lair:1)
  6 crimson imps
  A lava snake (Lair:1)
  6 centaur zombies
  2 giant frog zombies
  3 quasits
  3 jellies
  8 hounds
  15 orc priests
  28 orc wizards
  4 centaur skeletons
  2 giant frog skeletons
  Ijyb (D:3)
  12 iguanas
  8 worker ants
  16 sheep
  2 hound skeletons
  2 worker ant zombies (D:11)
  7 gnolls
  16 adders
  88 river rats
  3 shadow imps
  An ooze (D:4)
  An adder zombie (D:9)
  2 adder skeletons
  5 worms
  A dart slug (D:3)
  7 giant geckos
  96 orcs
  4 bats
  4 giant cockroaches
  2 gnoll zombies (D:4)
  7 goblins
  7 hobgoblins
  2 jackals (D:1)
  22 kobolds
  6 quokkas
  3 ball pythons
  2 giant gecko skeletons
  A giant gecko zombie (D:8)
  7 giant newts
  A jackal skeleton (D:7)
  4 rats
  4 fungi
  8 plants
988 creatures vanquished.

Vanquished Creatures (collateral kills)
  A frost giant (IceCv)
  2 vault guards (D:14)
  5 hydras
  3 orc high priests (Orc:2)
  A wizard (D:14)
  A necromancer (D:14)
  3 orc knights
  2 spiny frogs
  A komodo dragon (Lair:4)
  A polar bear (IceCv)
  A yak (Lair:4)
  A basilisk (Lair:3)
  3 orc warriors
  A wolf (Lair:3)
  An ogre (D:11)
  2 orc priests
  An orc wizard (Orc:2)
  An iguana (Lair:1)
  A river rat (Lair:4)
  13 orcs
45 creatures vanquished.

Vanquished Creatures (others)
  A polar bear (IceCv)
  A yak (IceCv)
  4 wolves (IceCv)
  10 fungi
  6 plants
22 creatures vanquished.

Grand Total: 1055 creatures vanquished

Notes
Turn   | Place    | Note
--------------------------------------------------------------
     0 | D:1      | SirGodfroy the Minotaur Berserker began the quest for the Orb.
     0 | D:1      | Reached XP level 1. HP: 19/19 MP: 0/0
   165 | D:1      | Reached skill level 4 in Axes
   193 | D:1      | Reached XP level 2. HP: 22/27 MP: 1/1
   380 | D:1      | Reached ** piety under Trog
   573 | D:2      | Reached XP level 3. HP: 31/33 MP: 2/2
  1051 | D:2      | Reached skill level 5 in Axes
  1177 | D:2      | Reached XP level 4. HP: 34/41 MP: 3/3
  1301 | D:2      | Found a blossoming altar of Fedhas.
  1345 | D:3      | Noticed Sigmund
  1354 | D:3      | Killed Sigmund
  1354 | D:3      | Reached skill level 5 in Fighting
  1354 | D:3      | Reached skill level 6 in Axes
  1354 | D:3      | Reached XP level 5. HP: 34/48 MP: 4/4
  1600 | D:3      | Found a faded altar to an unknown god.
  1609 | D:3      | Reached *** piety under Trog
  1814 | D:3      | Reached XP level 6. HP: 50/56 MP: 5/5
  1919 | D:3      | Gained mutation: Your flesh is heat resistant. [potion of mutation]
  1919 | D:3      | Gained mutation: You are dopey. (Int -2) [potion of mutation]
  1919 | D:3      | Gained mutation: You evolve. [potion of mutation]
  1923 | D:3      | Lost mutation: You are dopey. (Int -2) [potion of cure mutation]
  1923 | D:3      | Lost mutation: You evolve. [potion of cure mutation]
  1923 | D:3      | Lost mutation: Your flesh is heat resistant. [potion of cure mutation]
  2003 | D:3      | Noticed Ijyb
  2014 | D:3      | Killed Ijyb
  2140 | D:4      | Found Lutorr's Serpentskin Sales.
  2222 | D:4      | Got a warped leather armour
  2233 | D:4      | Identified the +1 leather armour of Beauty {*Corrode rElec Int+4} (You found it on level 4 of the Dungeon)
  2353 | D:4      | Reached skill level 5 in Armour
  2379 | D:4      | Reached skill level 7 in Axes
  2461 | D:4      | Found Eruzioh's Gadget Shop.
  2500 | D:4      | Noticed Grinder
  2508 | D:4      | Paralysed by Grinder for 5 turns
  2519 | D:4      | Killed Grinder
  2519 | D:4      | Reached XP level 7. HP: 38/62 MP: 6/6
  2627 | D:4      | Noticed a two-headed ogre
  2633 | D:4      | Killed a two-headed ogre
  2633 | D:4      | Reached skill level 8 in Axes
  2752 | D:4      | Found a basalt altar of Yredelemnul.
  2836 | D:5      | Entered Level 5 of the Dungeon
  2836 | D:5      | Found a staircase to the Ecumenical Temple.
  2851 | D:5      | Reached XP level 8. HP: 70/70 MP: 7/7
  2885 | D:5      | Reached **** piety under Trog
  3307 | D:5      | Reached skill level 9 in Axes
  3307 | D:5      | Reached skill level 1 in Polearms
  3606 | D:6      | Found a radiant altar of Vehumet.
  3954 | D:6      | You fall through a shaft for 2 floors!
  4385 | D:8      | Reached XP level 9. HP: 69/79 MP: 8/8
  4717 | D:8      | Found a shimmering altar of Xom.
  4973 | D:9      | Found a staircase to the Lair.
  5071 | D:9      | Reached skill level 10 in Axes
  5153 | D:9      | Reached ***** piety under Trog
  5241 | D:9      | Found an opulent altar of Gozag.
  5687 | D:7      | Reached skill level 10 in Armour
  5839 | D:7      | Got a warped flail
  5840 | D:7      | Lost intelligence.
  5840 | D:7      | Identified the +9 flail of Bread {drain, rPois rN+ Int-5 Stlth+} (You found it on level 7 of the Dungeon)
  5921 | D:7      | Found a stormy altar of Qazlal.
  6036 | D:7      | Found a burning altar of Makhleb.
  6516 | D:6      | Found a snail-covered altar of Cheibriados.
  6629 | D:6      | Reached XP level 10. HP: 90/90 MP: 9/9
  6706 | Temple   | Entered the Ecumenical Temple
  7080 | D:10     | Entered Level 10 of the Dungeon
  7093 | D:10     | Reached skill level 11 in Axes
  7368 | D:10     | Noticed a hill giant
  7380 | D:10     | Killed a hill giant
  8420 | D:11     | Noticed a seven-headed hydra
  8429 | D:11     | Killed a nine-headed hydra
  8441 | D:11     | Got a slimy scale mail
  8452 | D:11     | Identified the +1 scale mail of Wifikud {+Fly} (You found it on level 11 of the Dungeon)
  8491 | D:11     | Found a roughly hewn altar of Beogh.
  8491 | D:11     | Noticed an orc knight
  8503 | D:11     | Reached skill level 12 in Axes
  8506 | D:11     | Killed an orc knight
  8520 | D:11     | Reached skill level 10 in Fighting
  8644 | D:11     | Noticed a brown ugly thing
  8652 | D:11     | Killed a brown ugly thing
  9420 | D:11     | Noticed a deep elf mage
  9427 | D:11     | Killed a deep elf mage
  9427 | D:11     | Reached XP level 11. HP: 72/101 MP: 10/10
  9481 | D:11     | Noticed a hill giant
  9486 | D:11     | Killed a hill giant
  9495 | D:11     | Noticed Josephine
  9510 | D:11     | Killed Josephine
  9518 | D:11     | Reached skill level 13 in Axes
  9880 | D:11     | Noticed a red ugly thing
  9886 | D:11     | Killed a red ugly thing
 10374 | Lair:1   | Entered Level 1 of the Lair of Beasts
 10582 | Lair:1   | Reached ****** piety under Trog
 11130 | Lair:1   | Noticed a four-headed hydra
 11138 | Lair:1   | Killed a seven-headed hydra
 11138 | Lair:1   | Reached skill level 14 in Axes
 12591 | Lair:2   | Gained mutation: Your spells are a little easier to cast, but a little less powerful. [potion of mutation]
 12591 | Lair:2   | Gained mutation: Your flesh is heat resistant. [potion of mutation]
 12591 | Lair:2   | Gained mutation: You are resistant to electric shocks. [potion of mutation]
 12592 | Lair:2   | Gained mutation: You have sharp toenails. [potion of mutation]
 12592 | Lair:2   | Gained mutation: You are robust (+10% HP). [potion of mutation]
 12592 | Lair:2   | Gained mutation: You passively map a small area around you. [potion of mutation]
 12749 | Lair:2   | Reached XP level 12. HP: 105/123 MP: 11/11
 12928 | Lair:2   | Noticed a six-headed hydra
 12934 | Lair:2   | Killed an eight-headed hydra
 13405 | Lair:2   | Got a faintly glowing hand axe
 13433 | Lair:2   | Identified the cursed +0 hand axe "Deudwac" {freeze, Fragile Dex-2 SInv Stlth+} (You found it on level 2 of the Lair of Beasts)
 13514 | Lair:2   | Noticed a seven-headed hydra
 13519 | Lair:2   | Killed an eight-headed hydra
 13666 | Lair:3   | Noticed Trampli's ghost (journeyman FoFi)
 13691 | Lair:3   | Killed Trampli's ghost
 13773 | Lair:3   | Reached skill level 1 in Evocations
 13773 | Lair:3   | Reached skill level 15 in Axes
 13965 | Lair:3   | Found a staircase to the Shoals.
 14212 | Lair:3   | Found a frozen archway.
 14237 | IceCv    | Entered an ice cave
 14591 | IceCv    | Noticed a frost giant
 14596 | IceCv    | Killed a frost giant
 14598 | IceCv    | Received a gift from Trog
 15329 | IceCv    | Reached skill level 5 in Polearms
 15451 | IceCv    | Reached XP level 13. HP: 56/135 MP: 13/13
 15761 | IceCv    | Reached skill level 16 in Axes
 16681 | Lair:3   | Received a gift from Trog
 17431 | Lair:4   | Reached XP level 14. HP: 141/146 MP: 4/17
 17608 | Lair:4   | Noticed Harold
 17618 | Lair:4   | Killed Harold
 18943 | Lair:5   | Reached skill level 17 in Axes
 19713 | Lair:5   | Reached skill level 15 in Fighting
 20532 | Lair:6   | Found a staircase to the Snake Pit.
 20815 | Lair:6   | Received a gift from Trog
 21164 | Lair:7   | Lost mutation: You are robust (+10% HP). [potion of mutation]
 21237 | Lair:7   | Found a runed door.
 21972 | Lair:7   | Reached skill level 18 in Axes
 21977 | Lair:7   | Reached XP level 15. HP: 141/141 MP: 6/18
 22012 | Lair:7   | Noticed Snorg
 22031 | Lair:7   | Killed Snorg
 22335 | Lair:7   | Reached skill level 15 in Armour
 22407 | Lair:8   | Entered Level 8 of the Lair of Beasts
 22525 | Lair:8   | Noticed Kirke
 22541 | Lair:8   | Killed Kirke
 22764 | Lair:8   | Found a staircase to the Slime Pits.
 22764 | Lair:8   | Found a viscous altar of Jiyva.
 22765 | Lair:8   | Noticed kengeki's ghost (journeyman MfTm)
 22780 | Lair:8   | Killed kengeki's ghost
 23563 | Lair:8   | Reached skill level 19 in Axes
 23565 | Lair:8   | Received a gift from Trog
 24137 | Lair:8   | Identified 2 scrolls of acquirement
 24883 | Lair:6   | You fall through a shaft!
 25171 | Temple   | Got a pitted hat
 25177 | Temple   | Identified the +1 hat "Macisouh" {-Tele rC+ rN++ Dex+2} (You acquired it in the Ecumenical Temple)
 25544 | D:12     | Received a gift from Trog
 25936 | D:12     | Found a staircase to the Orcish Mines.
 26302 | D:12     | Found an oddly glowing altar of Pakellas.
 26590 | D:12     | Noticed Maud
 26598 | D:12     | Killed Maud
 26902 | D:13     | Found a runed door.
 27007 | D:13     | Found a runed door.
 27042 | D:13     | Found a runed door.
 27054 | D:13     | Found a runed door.
 27748 | D:13     | You fall through a shaft for 2 floors!
 27748 | D:15     | Entered Level 15 of the Dungeon
 27754 | D:15     | Received a gift from Trog
 27785 | D:15     | Reached XP level 16. HP: 151/155 MP: 19/19
 27796 | D:15     | Reached skill level 20 in Axes
 28058 | D:15     | Found Reol's Assorted Antiques.
 28299 | D:15     | Found Retaqi's Food Shoppe.
 28393 | D:15     | Found Ynear Cah's Magic Scroll Boutique.
 28410 | D:15     | Bought a scroll of acquirement for 988 gold pieces
 28410 | D:15     | Bought a scroll of brand weapon for 380 gold pieces
 28430 | D:15     | Found Aniysiott's Weapon Emporium.
 28950 | D:15     | Found Ziulum's Food Shoppe.
 29114 | D:15     | Found a staircase to the Depths.
 29809 | D:14     | Found a bloodstained altar of Trog.
 29838 | D:14     | Received a gift from Trog
 30098 | D:14     | Noticed Roxanne
 30115 | D:14     | Killed Roxanne
 30894 | D:14     | Found a gate to the Vaults.
 31397 | D:13     | Received a gift from Trog
 31829 | D:14     | Reached skill level 21 in Axes
 32125 | D:13     | Got a spiked plate armour
 32136 | D:13     | Identified the +6 plate armour "Ygoked" {Str+2 Dex+3} (You acquired it on level 13 of the Dungeon)
 32326 | Orc:1    | Entered Level 1 of the Orcish Mines
 32560 | Orc:1    | Found a roughly hewn altar of Beogh.
 32900 | Orc:2    | Entered Level 2 of the Orcish Mines
 33091 | Orc:2    | Received a gift from Trog
 33429 | Orc:2    | Found Fuihivan's Jewellery Boutique.
 33429 | Orc:2    | Found Liosysa's Antique Armour Emporium.
 33435 | Orc:2    | Found Xifekk's General Store.
 33435 | Orc:2    | Found Puno's Antique Armour Emporium.
 33481 | Orc:2    | Found Xichaub's Assorted Antiques.
 33746 | Orc:2    | Found a staircase to the Elven Halls.
 34351 | Snake:1  | Entered Level 1 of the Snake Pit
 34810 | Snake:1  | Reached XP level 17. HP: 154/166 MP: 7/21
 35364 | Snake:1  | Received a gift from Trog
 35365 | Snake:1  | Got a dazzling bardiche {god gift}
 35579 | Snake:1  | Identified the +2 bardiche of the Bear {chop, +Fly} (Trog gifted it to you on level 1 of the Snake Pit)
 35629 | Snake:1  | Got a spiked cloak
 35640 | Snake:1  | Identified the cursed +0 cloak of Untruth {rF+ rC+++ MP-9 Slay+3} (You found it on level 1 of the Snake Pit)
 35755 | Snake:1  | Found Snej's Superlative Supplies.
 35874 | Snake:1  | HP: 7/166 [naga sharpshooter/bolt (25)]
 35874 | Snake:1  | Shot with a bolt by a naga sharpshooter

Skill      XL: |  1  2  3  4  5  6  7  8  9 10 11 12 13 14 15 16 |
---------------+-------------------------------------------------+-----
Axes           | 4 5 6 7 8 9 10 12 14 15 16 18 19 21 | 21.7
Fighting       | 4 5 6 7 8 10 12 13 14 15 17 18 | 18.7
Armour         | 3 4 5 6 8 10 11 13 14 16 | 16.9
Polearms       | 3 4 5 |  5.1
Evocations     | 1 6 7 |  7.7
Dodging        | |  2.1

Action                   |  1- 3 |  4- 6 |  7- 9 | 10-12 | 13-15 | 16-18 || total
-------------------------+-------+-------+-------+-------+-------+-------++-------
Melee: Hand axe          |   101 |   109 |   267 |    56 |       |       ||   533
       Headbutt          |    18 |    15 |    66 |   117 |   248 |   180 ||   644
       Bardiche          |       |       |    79 |       |       |       ||    79
       Battleaxe         |       |       |    13 |   486 |   880 |   406 ||  1785
       Glaive            |       |       |       |    10 |       |       ||    10
       Executioner's axe |       |       |       |       |    15 |   255 ||   270
Invok: Berserk           |       |     1 |     1 |     4 |    12 |     2 ||    20
       Brothers in Arms  |       |       |       |     7 |     2 |     3 ||    12
       Burn Spellbooks   |       |       |       |     1 |     1 |     4 ||     6
       Trog's Hand       |       |       |       |     3 |     1 |     1 ||     5
 Abil: Evoke Flight      |       |       |       |     3 |       |       ||     3
Evoke: Wand              |       |       |       |       |     1 |       ||     1
  Use: Scroll            |       |     9 |     5 |     7 |    13 |     7 ||    41
       Potion            |       |     6 |     5 |     9 |     2 |     5 ||    27
 Stab: Distracted        |       |       |       |     1 |     1 |       ||     2
  Eat: Chunk             |     1 |     5 |    12 |    37 |    37 |    27 ||   119
       Pizza             |       |       |     2 |       |       |       ||     2
       Beef jerky        |       |       |       |     1 |     6 |       ||     7
       Fruit             |       |       |       |       |     1 |     3 ||     4
       Meat ration       |       |       |       |       |     1 |       ||     1
Armor: Animal skin       |     3 |       |       |    20 |     4 |       ||    27
       Plate armour      |    42 |    70 |   191 |   108 |   496 |   438 ||  1345
       Ring mail         |     3 |       |       |       |       |       ||     3
       Skin              |       |       |    17 |       |       |       ||    17
       Scale mail        |       |       |       |   155 |       |       ||   155
Dodge: Dodged            |    42 |    27 |   122 |   258 |   294 |   230 ||   973
